 Dungeon Crawl Stone Soup version 0.20.1-1-g8b1a95d (webtiles) character file.

132 Kingsmith the Conjurer (level 4, 0/30 HPs)
             Began as a Mummy Conjurer on Dec 6, 2017.
             Slain by a goblin (4 damage)
             ... led by Robin
             ... on level 2 of the Dungeon.
             The game lasted 00:03:37 (1583 turns).

Kingsmith the Conjurer (Mummy Conjurer)             Turns: 1583, Time: 00:03:38

Health: 0/30       AC:  2    Str: 11    XL:     4   Next: 92%
Magic:  5/8        EV: 12    Int: 15    God:
Gold:   48         SH:  0    Dex: 12    Spells: 2/8 levels left

rFire    x . .     SeeInvis .   d - +1 dagger (venom)
rCold    + . .     Gourm    .   (no shield)
rNeg     + + +     Faith    .   a - +0 robe
rPois    ∞         Spirit   .   (no helmet)
rElec    .         Reflect  .   (no cloak)
rCorr    .         Harm     .   (no gloves)
MR       .....                  (no boots)
Stlth    ++........             (no amulet)
Regen    0.1/turn               (no ring)
MPRegen  0.2/turn               (no ring)

@: no status effects
A: no food or potions, fire vulnerability, cold resistance 1, negative energy
resistance 3, torment resistance, unbreathing
a: no special abilities


You were on level 2 of the Dungeon.
You were not hungry.

You visited 1 branch of the dungeon, and saw 2 of its levels.

You collected 48 gold pieces.

Inventory:

Hand Weapons
 d - a +1 dagger of venom (weapon)
Armour
 a - a +0 robe (worn)
Jewellery
 h - a cursed amulet of inaccuracy {unknown}
Scrolls
 c - a scroll of immolation {unknown}
 e - a scroll of recharging {unknown}
 f - 5 scrolls of identify {unknown}
 g - 2 scrolls of teleportation {unknown}
 i - a scroll of blinking {unknown}
Books
 b - a book of Conjurations

   Spells                             Type                      Level
   a - Magic Dart                     Conjuration                  1
   b - Searing Ray                    Conjuration                  2
   c - Dazzling Spray                 Conjuration/Hexes            3
   d - Fulminant Prism                Conjuration/Hexes            4
   e - Force Lance                    Conjuration/Translocation    4
   f - Iskenderun's Mystic Blast      Conjuration                  4


   Skills:
 - Level 1.5 Dodging
 - Level 1.5 Stealth
 - Level 2.6 Spellcasting
 + Level 5.2 Conjurations


You had 2 spell levels left.
You knew the following spells:

 Your Spells              Type           Power        Failure   Level  Hunger
a - Magic Dart            Conj           ###.         2%          1    N/A
b - Searing Ray           Conj           ###...       3%          2    N/A
c - Dazzling Spray        Conj/Hex       #.....       22%         3    N/A

Dungeon Overview and Level Annotations

Branches:
Dungeon (2/15)

Altars:

Annotations:
D:2 Robin


Innate Abilities, Weirdness & Mutations

You do not eat or drink.
Your flesh is vulnerable to fire.
You are immune to poison.
Your flesh is cold resistant. (rC+)
You are immune to negative energy. (rN+++)
You are immune to unholy pain and torment.
You can survive without breathing.


Message History

The goblin goes into a battle-frenzy!
The goblin hits you but does no damage. The goblin misses you.
You hit the goblin but do no damage.
The goblin looks as sick as possible!
The goblin is severely wounded.
You kill the goblin!
Robin says, "Duck!"
Robin says, "Bow before me, strongest of all the hobgoblins!"
Robin throws the goblin at you! The goblin hits you but does no damage.
You hit the goblin.
The goblin is almost dead.
The goblin hits you with a dagger. The goblin closely misses you.
Robin throws the goblin at you! The goblin hits you.
* * * LOW HITPOINT WARNING * * *
The goblin hits you with a dagger.
* * * LOW HITPOINT WARNING * * *
You hit the goblin.
The goblin is poisoned.
The goblin is moderately wounded.
The goblin hits you.
You die...

#.....##.#.#
########...# ##..#
#...#####
#############.#)....#
..............#.g##.#
###.####.####.##.##.#
.†#.# +.+..#.##g##.#
..#.# #.#..#.##@g#.#
#'#.##+#.##'#.##.g#.#
..........!...##....#
#+#.##+#.##+#.###...#
..#.#..#.# #.# #...#
..†.'..#.# #.# ##..#
###.####.####.# #..#
..........)...# #..#
############### ##>#


You could see Robin and 3 goblins.

Vanquished Creatures
  Jessica (D:2)
  4 adders (D:2)
  4 worms (D:2)
  3 dart slugs
  2 leopard geckos
  3 giant cockroaches
  11 goblins
  5 hobgoblins
  2 jackals (D:1)
  7 bats
  4 frilled lizards
  4 kobolds
  4 rats
54 creatures vanquished.

Notes
Turn   | Place    | Note
-------+----------+-------------------------------------------
     0 | D:1      | Kingsmith the Mummy Conjurer began the quest for the Orb.
     0 | D:1      | Reached XP level 1. HP: 13/13 MP: 4/4
   223 | D:1      | Reached XP level 2. HP: 18/19 MP: 5/5
   231 | D:1      | Learned a level 2 spell: Searing Ray
   640 | D:1      | Reached skill level 4 in Conjurations
   844 | D:1      | Reached XP level 3. HP: 24/24 MP: 7/7
   869 | D:2      | Learned a level 3 spell: Dazzling Spray
  1106 | D:2      | Noticed Jessica
  1114 | D:2      | Killed Jessica
  1114 | D:2      | Reached XP level 4. HP: 29/30 MP: 4/8
  1183 | D:2      | Reached skill level 5 in Conjurations
  1529 | D:2      | Noticed Robin
  1583 | D:2      | Slain by a goblin

Skill      XL: |  1  2  3  4 |
---------------+-------------+-----
Conjurations   | 4 5 |  5.2
Dodging        | |  1.5
Stealth        | |  1.5
Spellcasting   | |  2.6

Action                   |  1- 3 |  4- 6 || total
-------------------------+-------+-------++-------
Melee: Unarmed           |    16 |       ||    16
       Dagger            |    60 |    27 ||    87
 Cast: Magic Dart        |    18 |    19 ||    37
       Searing Ray       |     3 |     3 ||     6
 Stab: Sleeping          |     4 |     1 ||     5
Armor: Robe              |    20 |    13 ||    33
Dodge: Dodged            |    70 |    35 ||   105
